 Dungeon Crawl Stone Soup version 0.21-a0-442-g848f44b (webtiles) character file.

89 KristoblXynda the Ducker (level 4, -1/22 HPs)
             Began as a Spriggan Gladiator on Nov 14, 2017.
             Slain by an orc
             ... wielding a +0 dagger
              (3 damage)
             ... on level 3 of the Dungeon.
             The game lasted 00:03:34 (2298 turns).

KristoblXynda the Ducker (Spriggan Gladiator)       Turns: 2298, Time: 00:03:35

Health: -1/22      AC:  2    Str: 11    XL:     4   Next: 31%
Magic:  5/5        EV: 21    Int:  9    God:
Gold:   33         SH:  0    Dex: 17    Spells: 3/3 levels left

rFire    . . .     SeeInvis +   a - +0 long sword
rCold    . . .     Gourm    .   (shield restricted)
rNeg     . . .     Faith    .   b - +0 robe
rPois    .         Spirit   .   c - +0 hat
rElec    .         Reflect  .   (no cloak)
rCorr    .         Harm     .   (gloves unavailable)
MR       .....                  (boots unavailable)
Stlth    ++........             (no amulet)
HPRegen  0.07/turn              (no ring)
MPRegen  0.09/turn              (no ring)

@: very slightly contaminated, very quick
A: unfitting armour, see invisible, herbivore 3, speed 3, slow metabolism 2
a: no special abilities


You were on level 3 of the Dungeon.
You were not hungry.

You visited 1 branch of the dungeon, and saw 3 of its levels.

You collected 33 gold pieces.

Inventory:

Hand Weapons
 a - a +0 long sword (weapon)
Missiles
 d - 3 throwing nets (quivered)
Armour
 b - a +0 robe (worn)
 c - a +0 hat (worn)
Scrolls
 e - 2 scrolls of identify
 j - 2 scrolls of remove curse
Comestibles
 f - 2 bread rations
 h - 2 royal jellies


   Skills:
 - Level 1.5 Fighting
 * Level 3.4 Long Blades
 - Level 2.0 Throwing
 + Level 5.3 Dodging
 + Level 3.0 Stealth


You had 3 spell levels left.
You didn't know any spells.

Dungeon Overview and Level Annotations

Branches:
Dungeon (3/15)

Altars:

Annotations:
D:2 Sigmund


Innate Abilities, Weirdness & Mutations

You are very small and have problems with some larger weapons.
You are too small for most types of armour.
You have supernaturally acute eyesight. (SInv)
You are a herbivore.
You cover ground extremely quickly.
You need consume almost no food.


Message History

You closely miss the orc.
The orc is almost dead.
The orc completely misses you.
You riposte.
You hit the orc but do no damage.
The orc is almost dead.
You hit the orc.
You kill the orc!
You hit the orc.
The orc is moderately wounded.
The orc hits you with a whip.
* * * LOW HITPOINT WARNING * * *
You hit the orc.
The orc is heavily wounded.
The orc barely misses you.
You hit the orc.
You kill the orc!
Your Stealth skill increases to level 3!
You hit the orc.
The orc is moderately wounded.
The orc hits you with a dagger.
You die...

#### #...... .... #......
.....#..... .....#..... ...
.....#.... ....##########
.........#####...#........#
.........o@..+............+
.........#####............#
.........# #...........<+
.........# #..%.........#
.........########.........#
###................########
#................
..........†.......
...................


You could see an orc.

Vanquished Creatures
  3 adders (D:2)
  An ooze (D:2)
  An adder zombie (D:3)
  A dart slug (D:2)
  A leopard gecko (D:2)
  2 orcs (D:3)
  8 bats
  A giant cockroach (D:1)
  2 hobgoblins
  14 kobolds
  A quokka (D:2)
  2 ball pythons
  5 frilled lizards
  6 goblins
  5 rats
53 creatures vanquished.

Vanquished Creatures (others)
  6 fungi (D:2)
  8 toadstools (D:2)
14 creatures vanquished.

Grand Total: 67 creatures vanquished

Notes
Turn   | Place    | Note
-------+----------+-------------------------------------------
     0 | D:1      | KristoblXynda the Spriggan Gladiator began the quest for the Orb.
     0 | D:1      | Reached XP level 1. HP: 10/10 MP: 2/2
   121 | D:1      | Reached skill level 1 in Stealth
   142 | D:1      | Reached XP level 2. HP: 14/14 MP: 3/3
   966 | D:2      | Reached XP level 3. HP: 12/18 MP: 4/4
  1307 | D:2      | Reached skill level 5 in Dodging
  1566 | D:2      | Reached XP level 4. HP: 18/22 MP: 5/5
  1714 | D:2      | Noticed Sigmund
  2298 | D:3      | Slain by an orc

Vault maps used:
D:1:      lightli_arrival_farm, minivault_19
D:2:      cheibrodos_fertilizer, minmay_strange_pillars, st_stairs_6,
          uniq_sigmund
D:3:      marbit_many_paths, portal_sewer_entry_e

Skill      XL: |  1  2  3  4 |
---------------+-------------+-----
Stealth        | 1 2 3 |  3.0
Long Blades    | 3 |  3.4
Dodging        | 5 |  5.3
Fighting       | |  1.5
Throwing       | |  2.0

Action                   |  1- 3 |  4- 6 || total
-------------------------+-------+-------++-------
Melee: Long sword        |   115 |    37 ||   152
  Use: Scroll            |       |     6 ||     6
       Potion            |       |     1 ||     1
 Stab: Sleeping          |     7 |     3 ||    10
Armor: Robe              |    16 |       ||    16
Dodge: Dodged            |   120 |    36 ||   156
       Rpst.: Long sword |    30 |    12 ||    42

Table legend:
 A = Spawn XP
 B = Non-spawn XP
 C = Spawn XP percentage of total XP
 D = Spawn monster count
 E = Non-spawn monster count
 F = Spawn count percentage of total count
 G = Total turns spent on level
                    A         B        C        D         E        F      G
               +---------+---------+-------+---------+---------+-------+---------
         Total |       0 |     128 |   0.0 |       0 |      53 |   0.0 |  2298
               +---------+---------+-------+---------+---------+-------+---------
           D:1 |       0 |      23 |   0.0 |       0 |      17 |   0.0 |  1114
           D:2 |       0 |      91 |   0.0 |       0 |      32 |   0.0 |  1141
           D:3 |       0 |      14 |   0.0 |       0 |       4 |   0.0 |    43
               +---------+---------+-------+---------+---------+-------+---------
